 Dungeon Crawl Stone Soup version 0.20-a0-920-gb18bc0f (webtiles) character file.

182 Wendigo the Chiller (level 5, -2/38 HPs)
             Began as a Draconian Ice Elementalist on Mar 25, 2017.
             Killed from afar by Wendigo's ghost (9 damage)
             ... with a magic dart
             ... on level 3 of the Dungeon.
             The game lasted 00:05:34 (2476 turns).

Wendigo the Chiller (Draconian Ice Elementalist)    Turns: 2476, Time: 00:05:35

Health: -2/38      AC: 10    Str: 11    XL:     5   Next: 34%
Magic:  10/10      EV: 12    Int: 16    God:
Gold:   167        SH:  0    Dex: 11    Spells: 6/10 levels left

rFire    . . .     SeeInvis .   h - +2 short sword (protect)
rCold    . . .     Gourm    .   (no shield)
rNeg     . . .     Faith    .   (armour unavailable)
rPois    .         Spirit   .   (helmet restricted)
rElec    .         Reflect  .   (no cloak)
rCorr    .         Harm     .   (no gloves)
MR       .....                  (no boots)
Stlth    ++........             (no amulet)
Regen    0.2/turn               (no ring)
MPRegen  0.2/turn               (no ring)

@: icy armour, slow
A: unfitting armour, cold-blooded, AC +5
a: no special abilities


You were on level 3 of the Dungeon.
You were hungry.

You visited 1 branch of the dungeon, and saw 3 of its levels.

You collected 167 gold pieces.

Inventory:

Hand Weapons
 h - a +2 short sword of protection (weapon)
Armour
 j - a cursed +0 cloak
Jewellery
 n - a +3 ring of evasion {unknown}
Scrolls
 e - 5 scrolls of identify
 f - a scroll of remove curse
 g - a scroll of fog {unknown}
 q - 2 scrolls of blinking {unknown}
 r - a scroll of immolation {unknown}
 s - a scroll of recharging {unknown}
 t - a scroll of noise {unknown}
 v - a scroll of teleportation {unknown}
Potions
 c - a potion of berserk rage {unknown}
 d - 3 potions of curing {unknown}
 k - 2 potions of invisibility
 l - a potion of magic {unknown}
 o - a potion of ambrosia {unknown}
 p - a potion of agility
Books
 a - a book of Frost

   Spells                             Type                      Level
   a - Freeze                         Ice                          1
   b - Throw Frost                    Conjuration/Ice              2
   c - Ozocubu's Armour               Charms/Ice                   3
   d - Throw Icicle                   Conjuration/Ice              4
   e - Summon Ice Beast               Ice/Summoning                4
Comestibles
 b - a bread ration
 i - 11 chunks of flesh
 m - 2 meat rations
 u - 3 fruits


   Skills:
 - Level 1.7 Dodging
 - Level 1.7 Stealth
 + Level 3.3 Spellcasting
   Level 1.0 Conjurations
 * Level 5.3 Ice Magic


You had 6 spell levels left.
You knew the following spells:

 Your Spells              Type           Power        Failure   Level  Hunger
a - Freeze                Ice            ###.         1%          1    None
b - Ozocubu's Armour      Chrm/Ice       ##......     21%         3    ###....


Dungeon Overview and Level Annotations

Branches:
Dungeon (3/15)

Altars:
Ashenzari
Okawaru
Yredelemnul

Annotations:
D:3 Wendigo's ghost, amateur DrCj


Innate Abilities, Weirdness & Mutations

Your plain brown scales are hard. (AC +5)
You cannot fit into any form of body armour.
You are cold-blooded and may be slowed by cold attacks.


Message History

Wendigo's ghost is lightly damaged.
Wendigo's ghost hits you but does no damage.
You hit Wendigo's ghost but do no damage.
You tail-slap Wendigo's ghost, but do no damage.
Wendigo's ghost is lightly damaged.
Wendigo's ghost hits you!
* * * LOW HITPOINT WARNING * * *
You barely miss Wendigo's ghost.
Wendigo's ghost is lightly damaged.
Wendigo's ghost completely misses you.
Okay, then.
Press: ? - help, v - describe, . - travel
Here: Wendigo's ghost (lightly damaged)
The floor.
Wendigo's ghost points at you and mumbles some strange words.
The magic dart hits you!
* * * LOW HITPOINT WARNING * * *
Wendigo's ghost points at you and mumbles some strange words.
The magic dart hits you!
You die...

..'......................
.##..........##.#........
.##############.#.#.##.## .######
#.#.#... .# .'....# #...#.###
.###.## ##### . .# #.# #.. < .#
#.# #.# .###.####### #@#
##.........# #.####..#
...........#####W....... #..# ..
...........'.....#####.####..# #.
.).........#####.# .......###.
.).(.(......# #.# #.# #......
###.####....# #....###.###......
.......#....##########...........
.......#.##......................


You could see Wendigo's ghost.

Vanquished Creatures
  An ice beast (D:3)
  3 adders
  An ooze (D:3)
  A worm (D:3)
  A dart slug (D:2)
  2 leopard geckos
  3 orcs (D:3)
  3 bats
  6 giant cockroaches
  6 goblins
  5 hobgoblins
  2 ball pythons (D:3)
  4 frilled lizards
  4 kobolds
  11 rats
53 creatures vanquished.

Notes
Turn   | Place    | Note
-------+----------+-------------------------------------------
     0 | D:1      | Wendigo the Draconian Ice Elementalist began the quest for the Orb.
     0 | D:1      | Reached XP level 1. HP: 14/14 MP: 3/3
   299 | D:1      | Found a shattered altar of Ashenzari.
   537 | D:1      | Reached XP level 2. HP: 20/20 MP: 3/5
   840 | D:2      | Reached XP level 3. HP: 24/26 MP: 1/6
   935 | D:2      | Reached skill level 4 in Ice Magic
  1189 | D:2      | Found a basalt altar of Yredelemnul.
  1470 | D:2      | Learned a level 3 spell: Ozocubu's Armour
  1702 | D:3      | Noticed an ice beast
  1723 | D:3      | Killed an ice beast
  1723 | D:3      | Reached skill level 5 in Ice Magic
  1723 | D:3      | Reached XP level 4. HP: 21/33 MP: 5/8
  1723 | D:3      | Reached XP level 5. HP: 24/38 MP: 5/9
  2055 | D:3      | Found an iron altar of Okawaru.
  2449 | D:3      | Noticed Wendigo's ghost (amateur DrCj)
  2476 | D:3      | Killed from afar by Wendigo's ghost

Vault maps used:
D:1:      lightli_arrival_quake, nrook_mini_vaults, nicolae_ashenzari_panopticon
D:2:      lemuel_round_altar, minmay_split_cup_small
D:3:      lemuel_tele_altar, uniq_terence

Skill      XL: |  1  2  3 |
---------------+----------+-----
Ice Magic      | 5 |  5.3
Spellcasting   | 3 |  3.3
Dodging        | |  1.7
Stealth        | |  1.7
Conjurations   | |  1.0

Action                   |  1- 3 |  4- 6 || total
-------------------------+-------+-------++-------
Melee: Whip              |    11 |       ||    11
       Short sword       |    65 |    95 ||   160
       Unarmed           |     1 |       ||     1
       Tailslap          |     5 |     6 ||    11
 Cast: Freeze            |    20 |       ||    20
       Ozocubu's Armour  |       |     6 ||     6
  Use: Scroll            |     2 |       ||     2
 Stab: Sleeping          |     1 |     2 ||     3
  Eat: Chunk             |     2 |     4 ||     6
Armor: Skin              |    32 |    50 ||    82
Dodge: Dodged            |    73 |    71 ||   144
